 Dungeon Crawl Stone Soup version 0.28.0 (webtiles) character file.

Game seed: 18247914171303452075

7653 Horrz the Fighter (level 10, -3/96 HPs)
             Began as a Minotaur Fighter on Feb 18, 2022.
             Was an Initiate of Gozag.
             Slain by a two-headed ogre (23 damage)
             ... on level 9 of the Dungeon.
             The game lasted 00:30:14 (10500 turns).

Horrz the Fighter (Minotaur Fighter)               Turns: 10500, Time: 00:30:14

Health: -3/96      AC: 25    Str: 23    XL:     10   Next: 99%
Magic:  18/18      EV:  9    Int:  5    God:    Gozag
Gold:   982        SH:  5    Dex: 15    Spells: 9/9 levels left

rFire   . . .      SeeInvis .   j - +2 war axe (freeze)
rCold   . . .      Faith    .   c - +0 buckler
rNeg    . . .      Spirit   .   A - +3 plate armour "Niunt" {+Inv rPois MP+9 Str+3}
rPois   +          Reflect  .   E - +1 hat
rElec   .          Harm     .   (no cloak)
rCorr   .          Rampage  .   k - +1 pair of gloves
Will    .....                   (no boots)
Stlth   ..........              (no amulet)
HPRegen 0.26/turn               s - +4 ring of protection
MPRegen 0.16/turn               (no ring)

@: brilliant
A: horns 2, retaliatory headbutt
a: Renounce Religion, Evoke Invisibility, Potion Petition, Call Merchant, Bribe
Branch


You were on level 9 of the Dungeon.
You worshipped Gozag.
Gozag was pleased with you.
You visited 2 branches of the dungeon, and saw 11 of its levels.

You collected 1849 gold pieces.
You spent 840 gold pieces at shops.
You paid 27 gold pieces to Gozag.

Inventory:

Hand Weapons
 a - a +0 war axe
 j - a +2 war axe of freezing (weapon)
Armour
 c - a +0 buckler (worn)
 k - a +1 pair of gloves (worn)
 r - a +0 plate armour
 A - the +3 plate armour "Niunt" (worn) {+Inv rPois MP+9 Str+3}
   (You bought it in a shop on level 5 of the Dungeon)

   Str:       It affects your strength (+3).
   rPois:     It protects you from poison.
   MP:        It affects your magic capacity (+9).
   +Inv:      It lets you turn invisible.
 E - a +1 hat (worn)
Jewellery
 i - an amulet of magic regeneration
 s - a +4 ring of protection (left hand)
Wands
 q - a wand of paralysis (17)
 v - a wand of flame (25)
 y - a wand of charming (14)
Scrolls
 b - 3 scrolls of teleportation {unknown}
 e - 8 scrolls of identify {unknown}
 f - 2 scrolls of summoning {unknown}
 h - a scroll of noise {unknown}
 m - 2 scrolls of vulnerability {unknown}
 n - a scroll of acquirement {unknown}
 o - 4 scrolls of amnesia {unknown}
 u - a scroll of silence {unknown}
 z - a scroll of fear {unknown}
 B - a scroll of immolation {unknown}
 C - a scroll of enchant weapon {unknown}
Potions
 d - a potion of might
 g - 4 potions of curing
 l - a potion of mutation {unknown}
 p - 2 potions of flight {unknown}
 t - a potion of haste {unknown}
 w - 3 potions of brilliance
 x - a potion of heal wounds {unknown}
 D - a potion of invisibility {unknown}
 F - a potion of resistance {unknown}


   Skills:
 * Level 11.2 Fighting
 * Level 11.0 Axes
 * Level 11.2 Armour
 + Level 6.6 Dodging
 - Level 3.6 Shields
 - Level 3.0 Evocations


You had 9 spell levels left.
You didn't know any spells.
Your spell library contained the following spells:

 Spells                   Type           Power      Damage    Failure   Level
 Freeze                   Ice            0%         1d3       100%        1
 Sandblast                Erth           0%         2d4       100%        1
 Ensorcelled Hibernation  Hex/Ice        0%         N/A       100%        2
 Passwall                 Tmut/Erth      0%         N/A       100%        2
 Static Discharge         Conj/Air       0%         N/A       100%        2
 Frozen Ramparts          Ice            0%         1d2       100%        3
 Ignite Poison            Fire/Tmut/Pois 0%         N/A       100%        3
 Mephitic Cloud           Conj/Pois/Air  0%         N/A       100%        3
 Spider Form              Tmut/Pois      0%         N/A       100%        3
 Stone Arrow              Conj/Erth      0%         3d7       100%        3
 Anguish                  Hex/Necr       0%         N/A       100%        4
 Dispel Undead            Necr           0%         3d6       100%        4
 Hailstorm                Conj/Ice       0%         3d3       100%        4
 Sticky Flame             Conj/Fire      0%         2d3       100%        4
 Freezing Cloud           Conj/Ice/Air   0%         6-21      100%        5
 Conjure Ball Lightning   Conj/Air       0%         3x3d6     100%        6
 Dispersal                Tloc           0%         N/A       100%        6
 Discord                  Hex            0%         N/A       100%        8
 Disjunction              Tloc           0%         N/A       100%        8


Dungeon Overview and Level Annotations

Branches:
Dungeon (10/15)            Temple (1/1) D:4
   Lair: D:8-11         Orc: D:9-12

Altars:
Ashenzari
Cheibriados
Dithmenos
Elyvilon
Fedhas
Gozag
Hepliaklqana
Kikubaaqudgha
Makhleb
Nemelex Xobeh
Okawaru
Qazlal
Ru
Sif Muna
Trog
Uskayaw
Vehumet
Wu Jian
Xom
Yredelemnul
The Shining One

Shops:
D:5 [

Annotations:
D:10 Fannar, Psyche


Innate Abilities, Weirdness & Mutations

You have a pair of horns on your head.
You reflexively headbutt those who attack you in melee.


Message History

The two-headed ogre hits you with a +0 giant club.
The two-headed ogre hits you with a +0 giant club!
The two-headed ogre closely misses you.
There is a stone staircase leading up, spattered with blood here.
You climb upwards.
There is a stone staircase leading down, spattered with blood here.
You hit the two-headed ogre. You freeze the two-headed ogre.
The two-headed ogre is lightly wounded.
The two-headed ogre hits you but does no damage. x2
You hit the two-headed ogre. You freeze the two-headed ogre.
The two-headed ogre is lightly wounded.
The two-headed ogre closely misses you.
The two-headed ogre hits you with a +0 giant club!!
You closely miss the two-headed ogre.
The two-headed ogre is lightly wounded.
The two-headed ogre barely misses you. You furiously retaliate!
You headbutt the two-headed ogre.
The two-headed ogre hits you with a +0 giant club.
You hit the two-headed ogre. You freeze the two-headed ogre.
You headbutt the two-headed ogre.
The two-headed ogre is moderately wounded.
The two-headed ogre hits you with a +0 giant club!!
The two-headed ogre hits you with a +0 giant club.
You hit the two-headed ogre. You freeze the two-headed ogre.
The two-headed ogre is moderately wounded.
You hit the two-headed ogre but do no damage.
The two-headed ogre is moderately wounded.
The two-headed ogre barely misses you.
The two-headed ogre hits you with a +0 giant club!
You slash the two-headed ogre! You freeze the two-headed ogre.
The two-headed ogre is severely wounded.
The two-headed ogre hits you but does no damage.
The two-headed ogre hits you with a +0 giant club!
* * * LOW HITPOINT WARNING * * *
Okay, then.
It was a potion of brilliance.
You feel clever all of a sudden.
The two-headed ogre hits you with a +0 giant club!!
You die...
Your body crumbles into a pile of gold.

.###.....#.....#.....#...###...#.
#.#......#......#....#....#.###.#
...#.....#.....###...#.....#...##
...#......#.###...###.#....#....#
...#.....###.........###...#.....
....#.###...###...###...###.#....
...###.........###.........###...
###...###...###...###...###...###
.........###....@....###.........
###...###...###..O###...###...###
...###.........###.........###...
......###...###...###...###......
#...##...###.........#### ####...
###........####...#### #...
###............#### ####
#............### ............###


You could see a two-headed ogre.

Vanquished Creatures
  Gastronok (D:9)
  A two-headed ogre (D:9)
  Joseph (D:10)
  Grinder (D:4)
  4 wraiths
  6 yaks (D:9)
  A wyvern (D:9)
  3 steam dragons
  2 acid dragons
  2 black bears (D:5)
  An orc warrior (D:6)
  A sky beast (D:7)
  3 necrophages
  2 ogres (D:6)
  3 centaurs
  3 bullfrogs
  2 scorpions
  A water moccasin zombie (D:6)
  9 killer bees
  4 howler monkeys
  8 wights (D:8)
  3 hounds
  A centaur skeleton (D:7)
  2 jellies
  A bullfrog skeleton (D:7)
  5 orc priests
  A gnoll shaman (D:9)
  An iguana (D:5)
  Ijyb (D:5)
  5 orc wizards
  A hound skeleton (D:4)
  Robin (D:3)
  13 gnolls
  A howler monkey skeleton (D:4)
  12 adders
  A shadow imp (D:6)
  3 white imps
  An ufetubus (D:4)
  3 adder skeletons
  3 worms
  2 dart slugs
  28 orcs
  5 endoplasms
  5 giant cockroaches
  10 goblins
  11 hobgoblins
  4 jackals
  3 kobolds
  2 quokkas
  4 ball pythons
  8 bats
  A frilled lizard (D:2)
  10 rats
211 creatures vanquished.

Vanquished Creatures (others)
  A plant (D:4)
1 creature vanquished.

Grand Total: 212 creatures vanquished

Notes
Turn   | Place    | Note
-------+----------+-------------------------------------------
     0 | D:1      | Horrz the Minotaur Fighter began the quest for the Orb.
     0 | D:1      | Reached XP level 1. HP: 19/19 MP: 0/0
   100 | D:1      | Found a faded altar of an unknown god.
   143 | D:1      | Reached XP level 2. HP: 26/27 MP: 1/1
   535 | D:2      | Reached XP level 3. HP: 33/33 MP: 2/2
   846 | D:2      | Reached skill level 1 in Dodging
  1052 | D:2      | Reached XP level 4. HP: 36/41 MP: 3/3
  1638 | D:3      | Found an opulent altar of Gozag.
  1645 | D:3      | Became a worshipper of Gozag Ym Sagoz the Greedy
  1655 | D:3      | Noticed Robin
  1680 | D:3      | Killed Robin
  2091 | D:3      | Reached XP level 5. HP: 21/47 MP: 4/4
  2325 | D:4      | Reached skill level 5 in Armour
  2327 | D:4      | Reached skill level 5 in Fighting
  2635 | D:4      | Found a staircase to the Ecumenical Temple.
  2649 | Temple   | Entered the Ecumenical Temple
  3046 | D:4      | Reached XP level 6. HP: 44/56 MP: 5/5
  3125 | D:4      | Noticed Grinder
  3130 | D:4      | Paralysed by Grinder for 2 turns
  3141 | D:4      | Paralysed by Grinder for 7 turns
  3159 | D:4      | Paralysed by Grinder for 4 turns
  3168 | D:4      | Killed Grinder
  3169 | D:4      | Reached skill level 5 in Axes
  3576 | D:4      | Reached XP level 7. HP: 62/62 MP: 6/6
  3616 | D:4      | Found a hazy altar of Hepliaklqana.
  4012 | D:5      | Entered Level 5 of the Dungeon
  4542 | D:5      | Found Pamiat's Antique Armour Emporium.
  4615 | D:5      | Reached XP level 8. HP: 48/73 MP: 7/7
  4857 | D:5      | Noticed Ijyb
  4864 | D:5      | Killed Ijyb
  5286 | D:6      | Noticed a moth of wrath
  5289 | D:6      | Found a bloodstained altar of Trog.
  5653 | D:6      | Found a sparkling altar of Nemelex Xobeh.
  6660 | D:7      | Reached XP level 9. HP: 80/82 MP: 8/8
  6683 | D:7      | Found a broken altar of Ashenzari.
  6766 | D:5      | Bought a faintly glowing plate armour for 840 gold pieces
  6766 | D:5      | Identified the +3 plate armour "Niunt" {+Inv rPois MP+9
                  | Str+3} (You bought it in a shop on level 5 of the Dungeon)
  7554 | D:8      | Reached skill level 5 in Dodging
  7882 | D:8      | Reached skill level 1 in Evocations
  8639 | D:9      | Noticed Gastronok
  8677 | D:9      | Killed Gastronok
  8678 | D:9      | Reached skill level 10 in Fighting
  8678 | D:9      | Reached skill level 10 in Armour
  8678 | D:9      | Reached XP level 10. HP: 68/93 MP: 9/9
  8863 | D:9      | Found a stormy altar of Qazlal.
  8936 | D:9      | Reached skill level 10 in Axes
  9360 | D:10     | Entered Level 10 of the Dungeon
  9602 | D:10     | Noticed Joseph
  9602 | D:10     | Noticed a two-headed ogre
  9672 | D:10     | Noticed a two-headed ogre
  9803 | D:9      | Killed a two-headed ogre
 10002 | D:10     | Killed Joseph
 10120 | D:10     | Noticed Fannar
 10120 | D:10     | Noticed Psyche
 10500 | D:9      | Slain by a two-headed ogre

Illustrated notes

Levels and vault maps discovered:
D:1:      wander_arrival_peaceful_grave, layout_basic,
          hellmonk_ecumenical_altar_slurped_away
D:2:      layout_rooms, kennysheep_generic_room_13
D:3:      layout_basic, overflow_temple_1_default, small_statue_intersection,
          uniq_robin
D:4:      kennysheep_big_flooded_room, layout_cave_pools,
          worldfamousw_hep_ancestral_shrine, minmay_temple_entry_stoned_glass,
          serial_bayou_lake_a, uniq_grinder
D:5:      layout_rooms, serial_shops, kennysheep_little_box, uniq_ijyb
D:6:      layout_basic, amcnicky_altar_gilded, tgw_trog
D:7:      layout_rooms, nicolae_ashenzari_panopticon
D:8:      layout_cave_pods
D:9:      nicolae_BIG_FREAKIN_CUBE, layout_cross, kennysheep_small_circle,
          uniq_gastronok
D:10:     layout_basic, zin_angel, uniq_fannar, uniq_joseph, uniq_psyche
Temple:   nicolae_temple_elliptical

Skill      XL: |  1  2  3  4  5  6  7  8  9 10 |
---------------+-------------------------------+-----
Fighting       | 4 5 7 8 10 11 | 11.2
Axes           | 3 4 5 6 7 9 11 | 11.0
Armour         | 4 5 6 8 10 11 | 11.2
Dodging        | 1 2 3 4 5 6 |  6.6
Evocations     | 2 3 |  3.0
Shields        | |  3.6

Action                   |  1- 3 |  4- 6 |  7- 9 | 10-12 || total
-------------------------+-------+-------+-------+-------++-------
Melee: War axe           |    80 |   104 |   289 |   119 ||   592
       Headbutt          |     4 |    10 |    59 |    26 ||    99
       Unarmed           |       |       |       |     1 ||     1
  Use: Potion            |       |       |     1 |     1 ||     2
 Stab: Distracted        |       |     1 |     2 |       ||     3
Armor: Scale mail        |    52 |       |       |       ||    52
       Chain mail        |       |    67 |       |       ||    67
       Plate armour      |       |     7 |   230 |    81 ||   318
Dodge: Dodged            |    48 |    37 |   118 |    47 ||   250
Block: Buckler           |    16 |    15 |    69 |    33 ||   133
